TOP OF THE 1ST |
Jersey Shore D-Bags batting - Pitching for Hendersonville Hitmen : RHP Troy Parker
|
Pitching: RHP Troy Parker
|
|
Batting: LHB José Delgado
|
0-0: Ball 1-0: Foul Ball, location: 2F 1-1: Foul Ball, location: 2F 1-2: Strikes out swinging
|
Batting: RHB Ricardo González
|
0-0: Swinging Strike 0-1: Ball 1-1: Swinging Strike 1-2: Ball 2-2: Strikes out swinging
|
Batting: LHB Dave Dodd
|
0-0: Ball 1-0: Foul Ball, location: 2F 1-1: Foul Ball, location: 2F 1-2: Strikes out swinging
|
Top of the 1st over - 0 runs, 0 hits, 0 errors, 0 left on base; Jersey Shore 0 - Hendersonville 0 |
BOTTOM OF THE 1ST |
Hendersonville Hitmen batting - Pitching for Jersey Shore D-Bags : RHP John Jones
|
Pitching: RHP John Jones
|
|
Batting: SHB Félix Montoya
|
0-0: Ball 1-0: Fly out, F8 (Flyball, 8LS)
|
Batting: SHB José Estreito
|
0-0: Called Strike 0-1: Foul Ball, location: 2F 0-2: SINGLE (Line Drive, 8LS)
|
Batting: LHB Robert Phillips
|
0-0: Ball 1-0: Foul Ball, location: 2F 1-1: Foul Ball, location: 2F 1-2: SINGLE (Groundball, 34S) (infield hit) José Estreito to second
|
Batting: SHB Rick Turner
|
0-0: Foul Ball, location: 2F 0-1: Foul Ball, location: 2F 0-2: Ball 1-2: Foul Ball, location: 2F 1-2: Grounds into double play, 6-4-3 (Groundball, 6)
|
Bottom of the 1st over - 0 runs, 2 hits, 0 errors, 1 left on base; Jersey Shore 0 - Hendersonville 0 |
TOP OF THE 2ND |
Jersey Shore D-Bags batting - Pitching for Hendersonville Hitmen : RHP Troy Parker
|
Batting: RHB Ben Morton
|
0-0: Ball 1-0: Foul Ball, location: 2F 1-1: Called Strike 1-2: Fly out, F8 (Flyball, 8RM)
|
Batting: LHB António Cedeño
|
0-0: Foul Ball, location: 2F 0-1: Ball 1-1: Ball 2-1: Ball 3-1: Called Strike 3-2: Foul Ball, location: 2F 3-2: Strikes out looking
|
Batting: RHB Francisco Sandoval
|
0-0: Swinging Strike 0-1: Foul Ball, location: 2F 0-2: Ball 1-2: Ground out U3 (Groundball, 34)
|
Top of the 2nd over - 0 runs, 0 hits, 0 errors, 0 left on base; Jersey Shore 0 - Hendersonville 0 |
BOTTOM OF THE 2ND |
Hendersonville Hitmen batting - Pitching for Jersey Shore D-Bags : RHP John Jones
|
Batting: LHB Pedro Rodríguez
|
0-0: Foul Ball, location: 2F 0-1: Called Strike 0-2: Ball 1-2: Foul Ball, location: 2F 1-2: Ball 2-2: Ball 3-2: Base on Balls
|
Batting: RHB Felipe Jareño
|
0-0: 2-RUN HOME RUN (Flyball, 78XD), Distance : 422 ft
|
Batting: LHB Milo Glenn
|
0-0: Ball 1-0: Ball 2-0: Called Strike 2-1: Foul Ball, location: 2F 2-2: Ball 3-2: Base on Balls
|
Batting: RHB Ron Glass
|
0-0: Swinging Strike 0-1: Ball 1-1: Ball Milo Glenn steals 2nd base 2-1: Foul Ball, location: 2F 2-2: Fly out, F8 (Line Drive, 8LD) Runner from 2nd tags up, SAFE at 3rd with throw
|
Batting: LHB Miguel García
|
0-0: Foul Ball, location: 2F 0-1: DOUBLE (Line Drive, 9LM) Milo Glenn scores
|
Batting: SHB Félix Montoya
|
0-0: Called Strike 0-1: Ball 1-1: Ball 2-1: Swinging Strike 2-2: Foul Ball, location: 2F 2-2: SINGLE (Groundball, 4MD) Miguel García to third Runner from 3rd tries for Home, SAFE, no throw
|
Batting: SHB José Estreito
|
0-0: Reached on error, E3 (Groundball, 3) Félix Montoya to second
|
Batting: LHB Robert Phillips
|
0-0: Ball 1-0: Ball 2-0: DOUBLE (Line Drive, 8LXD) Félix Montoya scores José Estreito to third Runner from 3rd tries for Home, SAFE, no throw
|
Batting: SHB Rick Turner
|
0-0: Ball 1-0: Ground out 1-3 (Groundball, 13S) Robert Phillips to third
|
Batting: LHB Pedro Rodríguez
|
0-0: Ball Wild Pitch! Robert Phillips scores 1-0: SOLO HOME RUN (Flyball, 78XD), Distance : 426 ft
|
Batting: RHB Felipe Jareño
|
0-0: Foul Ball, location: 2F 0-1: Hit by Pitch
|
Batting: LHB Milo Glenn
|
0-0: Foul Ball, location: 2F 0-1: Ball 1-1: Foul Ball, location: 2F 1-2: Ball 2-2: Foul Ball, location: 2F 2-2: Fly out, F2 (Popup, 25F)
|
Bottom of the 2nd over - 8 runs, 5 hits, 1 error, 1 left on base; Jersey Shore 0 - Hendersonville 8 |
TOP OF THE 3RD |
Jersey Shore D-Bags batting - Pitching for Hendersonville Hitmen : RHP Troy Parker
|
Batting: LHB Ray Bryant
|
0-0: Ball 1-0: Foul Ball, location: 2F 1-1: SINGLE (Groundball, 34D)
|
Batting: RHB Tyler Wagner
|
0-0: Called Strike 0-1: Foul Ball, location: 2F 0-2: Ball 1-2: Foul Ball, location: 2F 1-2: Fly out, F9 (Flyball, 9LS)
|
Batting: RHB José Pinto
|
0-0: Called Strike 0-1: Ball 1-1: Swinging Strike 1-2: Strikes out swinging
|
Batting: LHB José Delgado
|
0-0: Called Strike 0-1: Ball 1-1: Ball 2-1: Foul Ball, location: 2F 2-2: Strikes out looking
|
Top of the 3rd over - 0 runs, 1 hit, 0 errors, 1 left on base; Jersey Shore 0 - Hendersonville 8 |
BOTTOM OF THE 3RD |
Hendersonville Hitmen batting - Pitching for Jersey Shore D-Bags : RHP John Jones
|
Batting: RHB Ron Glass
|
0-0: Ground out 6-3 (Groundball, 6M)
|
Batting: LHB Miguel García
|
0-0: Ball 1-0: Called Strike 1-1: Ball 2-1: Called Strike 2-2: SINGLE (Groundball, 34D)
|
Batting: SHB Félix Montoya
|
0-0: Foul Ball, location: 2F 0-1: Ball Miguel García is caught stealing 2nd base 1-1: Ball 2-1: Called Strike 2-2: SINGLE (Popup, 3D)
|
Batting: SHB José Estreito
|
0-0: Called Strike Félix Montoya steals 2nd base 0-1: Ball 1-1: Called Strike 1-2: Ball 2-2: Ball 3-2: Foul Ball, location: 2F 3-2: Foul Ball, location: 2F 3-2: SINGLE (Groundball, 3D) Félix Montoya to third Félix Montoya scores
|
Batting: LHB Robert Phillips
|
0-0: Called Strike 0-1: Foul Ball, location: 2F 0-2: Foul Ball, location: 2F 0-2: Fly out, F8 (Flyball, 8LXD)
|
Bottom of the 3rd over - 1 run, 3 hits, 0 errors, 1 left on base; Jersey Shore 0 - Hendersonville 9 |
TOP OF THE 4TH |
Jersey Shore D-Bags batting - Pitching for Hendersonville Hitmen : RHP Troy Parker
|
Batting: RHB Ricardo González
|
0-0: Called Strike 0-1: Fly out, F7 (Line Drive, 7D)
|
Batting: LHB Dave Dodd
|
0-0: Ground out 5-3 (Groundball, 56)
|
Batting: RHB Ben Morton
|
0-0: Called Strike 0-1: Foul Ball, location: 2F 0-2: Foul Ball, location: 2F 0-2: Ball 1-2: Ball 2-2: Ground out 6-3 (Groundball, 6)
|
Top of the 4th over - 0 runs, 0 hits, 0 errors, 0 left on base; Jersey Shore 0 - Hendersonville 9 |
BOTTOM OF THE 4TH |
Hendersonville Hitmen batting - Pitching for Jersey Shore D-Bags : RHP John Jones
|
Batting: SHB Rick Turner
|
0-0: Ball 1-0: Ball 2-0: Ball 3-0: Called Strike 3-1: Called Strike 3-2: Base on Balls
|
Batting: LHB Pedro Rodríguez
|
0-0: Foul Ball, location: 2F 0-1: Swinging Strike 0-2: Strikes out swinging
|
Batting: RHB Felipe Jareño
|
0-0: Ball 1-0: Ball 2-0: Foul Ball, location: 2F 2-1: Ball 3-1: Base on Balls Rick Turner to second
|
Batting: LHB Milo Glenn
|
0-0: Fly out, F7 (Flyball, 7)
|
Batting: RHB Ron Glass
|
0-0: Fielders Choice at 2nd, 5-4 (Groundball, 5)
|
Bottom of the 4th over - 0 runs, 0 hits, 0 errors, 2 left on base; Jersey Shore 0 - Hendersonville 9 |
TOP OF THE 5TH |
Jersey Shore D-Bags batting - Pitching for Hendersonville Hitmen : RHP Troy Parker
|
Batting: LHB António Cedeño
|
0-0: Called Strike 0-1: Called Strike 0-2: Ball 1-2: Strikes out swinging
|
Batting: RHB Francisco Sandoval
|
0-0: Ball 1-0: Foul Ball, location: 2F 1-1: Ball 2-1: Called Strike 2-2: Ball 3-2: Strikes out swinging
|
Batting: LHB Ray Bryant
|
0-0: Foul Ball, location: 2F 0-1: Ball 1-1: Foul Ball, location: 2F 1-2: Ball 2-2: Foul Ball, location: 2F 2-2: Ball 3-2: Foul Ball, location: 2F 3-2: SINGLE (Groundball, P) (infield hit)
|
Batting: RHB Tyler Wagner
|
0-0: Foul Ball, location: 2F 0-1: Ball 1-1: Ground out 6-3 (Groundball, 6)
|
Top of the 5th over - 0 runs, 1 hit, 0 errors, 1 left on base; Jersey Shore 0 - Hendersonville 9 |
BOTTOM OF THE 5TH |
Hendersonville Hitmen batting - Pitching for Jersey Shore D-Bags : RHP John Jones
|
Batting: LHB Miguel García
|
0-0: Foul Ball, location: 2F 0-1: Ball 1-1: Foul Ball, location: 2F 1-2: Ground out 5-3 (Groundball, 56S)
|
Batting: SHB Félix Montoya
|
0-0: Fly out, F7 (Flyball, 7)
|
Batting: SHB José Estreito
|
0-0: Ground out 2-3 (Groundball, 15S)
|
Bottom of the 5th over - 0 runs, 0 hits, 0 errors, 0 left on base; Jersey Shore 0 - Hendersonville 9 |
TOP OF THE 6TH |
Jersey Shore D-Bags batting - Pitching for Hendersonville Hitmen : RHP Troy Parker
|
Batting: RHB José Pinto
|
0-0: Called Strike 0-1: DOUBLE (Flyball, 89D)
|
Batting: LHB José Delgado
|
0-0: Called Strike 0-1: Ball 1-1: DOUBLE (Line Drive, 78D) José Pinto scores
|
Batting: RHB Ricardo González
|
0-0: Called Strike 0-1: SINGLE (Groundball, 4M) (infield hit) José Delgado to third
|
Batting: LHB Dave Dodd
|
0-0: Called Strike 0-1: Ball 1-1: Ball 2-1: Foul Ball, location: 2F 2-2: Grounds into double play, 6-4-3 (Groundball, 6) José Delgado scores
|
Batting: RHB Ben Morton
|
0-0: Ball 1-0: Ball 2-0: Called Strike 2-1: Swinging Strike 2-2: Hit by Pitch
|
Batting: LHB António Cedeño
|
0-0: Ball 1-0: Ground out 1-3 (Groundball, 13S)
|
Top of the 6th over - 2 runs, 3 hits, 0 errors, 1 left on base; Jersey Shore 2 - Hendersonville 9 |
BOTTOM OF THE 6TH |
Hendersonville Hitmen batting - Pitching for Jersey Shore D-Bags : RHP John Jones
|
Batting: LHB Robert Phillips
|
0-0: Foul Ball, location: 2F 0-1: Ball 1-1: SOLO HOME RUN (Line Drive, 9LD), Distance : 370 ft
|
Batting: SHB Rick Turner
|
0-0: Fly out, F7 (Flyball, 78S)
|
Batting: LHB Pedro Rodríguez
|
0-0: Foul Ball, location: 2F 0-1: Fly out, F9 (Flyball, 89S)
|
Batting: RHB Felipe Jareño
|
0-0: SINGLE (Line Drive, 6MD)
|
Batting: LHB Milo Glenn
|
0-0: Called Strike 0-1: Fly out, F7 (Flyball, 7LM)
|
Bottom of the 6th over - 1 run, 2 hits, 0 errors, 1 left on base; Jersey Shore 2 - Hendersonville 10 |
TOP OF THE 7TH |
Jersey Shore D-Bags batting - Pitching for Hendersonville Hitmen : RHP Troy Parker
|
Batting: RHB Francisco Sandoval
|
0-0: Ball 1-0: Foul Ball, location: 2F 1-1: Foul Ball, location: 2F 1-2: Foul Ball, location: 2F 1-2: Foul Ball, location: 2F 1-2: Ball 2-2: Ball 3-2: Ground out 5-3 (Groundball, 56)
|
Batting: LHB Ray Bryant
|
0-0: Ball 1-0: Ball 2-0: Swinging Strike 2-1: Ball 3-1: Swinging Strike 3-2: Base on Balls
|
Batting: RHB Tyler Wagner
|
0-0: Ball 1-0: Called Strike 1-1: Called Strike 1-2: Foul Ball, location: 2F 1-2: Ball 2-2: Ball 3-2: Fly out, F9 (Flyball, 89S)
|
Pitching: RHP Rafael López
|
|
Batting: RHB José Pinto
|
0-0: Ball Wild Pitch! Ray Bryant to second 1-0: Called Strike 1-1: Ball 2-1: Ground out 5-3 (Groundball, 5)
|
Top of the 7th over - 0 runs, 0 hits, 0 errors, 1 left on base; Jersey Shore 2 - Hendersonville 10 |
BOTTOM OF THE 7TH |
Hendersonville Hitmen batting - Pitching for Jersey Shore D-Bags : RHP John Jones
|
Batting: RHB Ron Glass
|
0-0: Ball 1-0: Called Strike 1-1: Fly out, F7 (Flyball, 7)
|
Batting: LHB Miguel García
|
0-0: Ball 1-0: DOUBLE (Line Drive, 9LD)
|
Pitching: RHP Andrés Rivera
|
|
Batting: SHB Félix Montoya
|
0-0: Called Strike 0-1: Ball 1-1: Ball 2-1: Foul Ball, location: 2F 2-2: Ball 3-2: Ground out U3 (Groundball, 3S) Miguel García to third
|
Batting: SHB José Estreito
|
0-0: Ball 1-0: Called Strike 1-1: Ball 2-1: Ball 3-1: Foul Ball, location: 2F 3-2: Foul Ball, location: 2F 3-2: SINGLE (Line Drive, 7S) Miguel García scores
|
Batting: LHB Robert Phillips
|
0-0: Ball 1-0: Called Strike 1-1: Fly out, F6 (Popup, 6M)
|
Bottom of the 7th over - 1 run, 2 hits, 0 errors, 1 left on base; Jersey Shore 2 - Hendersonville 11 |
TOP OF THE 8TH |
Jersey Shore D-Bags batting - Pitching for Hendersonville Hitmen : RHP Rafael López
|
Now in LF: Pedro Gonzáles
|
|
Batting: LHB José Delgado
|
0-0: Called Strike 0-1: Called Strike 0-2: Foul Ball, location: 2F 0-2: Ball 1-2: Strikes out swinging
|
Batting: RHB Ricardo González
|
0-0: Ground out 3-1 (Groundball, 34S)
|
Batting: LHB Dave Dodd
|
0-0: Foul Ball, location: 2F 0-1: Ball 1-1: Foul Ball, location: 2F 1-2: Strikes out swinging
|
Top of the 8th over - 0 runs, 0 hits, 0 errors, 0 left on base; Jersey Shore 2 - Hendersonville 11 |
BOTTOM OF THE 8TH |
Hendersonville Hitmen batting - Pitching for Jersey Shore D-Bags : RHP Andrés Rivera
|
Batting: SHB Rick Turner
|
0-0: Ball 1-0: Fly out, F9 (Flyball, 9S)
|
Batting: LHB Pedro Rodríguez
|
0-0: Ball 1-0: Ground out 5-3 (Groundball, 56)
|
Batting: RHB Felipe Jareño
|
0-0: Foul Ball, location: 2F 0-1: Ball 1-1: Ball 2-1: Ball 3-1: Swinging Strike 3-2: Ground out 6-3 (Groundball, 6)
|
Bottom of the 8th over - 0 runs, 0 hits, 0 errors, 0 left on base; Jersey Shore 2 - Hendersonville 11 |
TOP OF THE 9TH |
Jersey Shore D-Bags batting - Pitching for Hendersonville Hitmen : RHP Rafael López
|
Batting: RHB Ben Morton
|
0-0: Ball 1-0: SINGLE (Groundball, 4D)
|
Batting: LHB António Cedeño
|
0-0: Foul Ball, location: 2F 0-1: Swinging Strike 0-2: Strikes out swinging
|
Batting: RHB Francisco Sandoval
|
0-0: Swinging Strike Balk! Ben Morton to second 0-1: Ball 1-1: 2-RUN HOME RUN (Flyball, 8LXD), Distance : 458 ft
|
Batting: LHB Ray Bryant
|
0-0: Called Strike 0-1: Ground out 5-3 (Groundball, 56S)
|
Batting: RHB Tyler Wagner
|
0-0: DOUBLE (Line Drive, 8LD)
|
Batting: RHB José Pinto
|
0-0: Called Strike 0-1: Called Strike 0-2: Ball 1-2: Strikes out swinging
|
Top of the 9th over - 2 runs, 3 hits, 0 errors, 1 left on base; Jersey Shore 4 - Hendersonville 11 |
|